 Dungeon Crawl Stone Soup version 0.28-a0-677-g3278d6a771 (webtiles) character file.

Game seed: 6863018246297223303

50 GordonOverkill the Skirmisher (level 4, 0/52 HPs)
             Began as a Djinni Berserker on Oct 18, 2021.
             Was a Believer of Trog.
             Slain by a gnoll (6 damage)
             ... on level 2 of the Dungeon.
             The game lasted 00:03:35 (2146 turns).

GordonOverkill the Skirmisher (Djinni Berserker)    Turns: 2146, Time: 00:03:36

Health: 0/52       AC:  2    Str: 17    XL:     4   Next: 4%
Gold:   40         EV: 12    Int:  9    God:    Trog [**....] SH:  0 Dex: 12

rFire   + + .      SeeInvis .   a - +0 hand axe
rCold   x . .      Faith    .   (no shield)
rNeg    . . .      Spirit   .   b - +0 animal skin
rPois   ∞          Reflect  .   (no helmet)
rElec   .          Harm     .   (no cloak)
rCorr   .          Rampage  .   (no gloves)
Will    .....                   (boots unavailable)
Stlth   ..........              (no amulet)
HPRegen 0.17/turn               (no ring)
MPRegen 0.00/turn               (no ring)

@: berserking, flying, very quick
A: sickness immunity, fire resistance 2, cold vulnerability 1, float, innate
caster, hp casting, extra vitality 1
a: Renounce Religion, Berserk, Trog's Hand


You were on level 2 of the Dungeon.
You worshipped Trog.
Trog was pleased with you.
You visited 1 branch of the dungeon, and saw 2 of its levels.

You collected 40 gold pieces.

Inventory:

Hand Weapons
 a - a +0 hand axe (weapon)
Armour
 b - a +0 animal skin (worn)
Scrolls
 e - a scroll of enchant armour {unknown}
 f - a scroll of magic mapping {unknown}
Potions
 c - a potion of brilliance {unknown}
 d - 2 potions of curing {unknown}
 g - a potion of mutation {unknown}


   Skills:
 + Level 3.4 Fighting
 * Level 3.0 Axes
 + Level 2.4 Armour
 + Level 2.7 Dodging


You had 2 spell levels left.
You knew the following spells:

 Your Spells              Type           Power      Damage    Failure   Level
a - Magic Dart            Conj           0%         1d3       38%         1
Your spell library was empty.

Dungeon Overview and Level Annotations

Branches:
Dungeon (2/15)

Altars:

Shops:
D:1 =


Innate Abilities, Weirdness & Mutations

You are immune to sickness and miasma.
You are immune to poison.
Your flesh is very heat resistant. (rF++)
You are vulnerable to cold. (rC-)
You float through the air rather than walking.
You learn spells naturally, not from books.
Your magical power is your life essence.
You have superior vitality. (+4 HP)


Message History

You feel yourself slow down.
You start resting.
HP restored.
You start waiting.
You feel yourself speed up.
You start waiting.
You recover from your berserk rage.
Found 16 gold pieces.
You now have 24 gold pieces (gained 15).
You now have 40 gold pieces (gained 16).
A gnoll comes into view. It is wielding a +0 flail.
The gnoll shouts!
You hear a shout!
A gnoll comes into view. It is wielding a +0 whip.
A gnoll comes into view. It is wielding a +0 spear.
You see here 8 gold pieces.
The gnoll shouts!
The gnoll hits you from afar with a +0 spear.
The gnoll closely misses you. The gnoll hits you with a +0 whip!
The gnoll hits you with a +0 flail.
* * * LOW HITPOINT WARNING * * *
A red film seems to cover your vision as you go berserk!
You feel yourself moving faster!
You feel mighty! The gnoll hits you with a +0 spear.
* * * LOW HITPOINT WARNING * * *
The gnoll hits you with a +0 flail!
* * * LOW HITPOINT WARNING * * *
The gnoll hits you with a +0 whip.
* * * LOW HITPOINT WARNING * * *
You hit the gnoll.
The gnoll is heavily wounded.
You hit the gnoll. You closely miss the gnoll.
The gnoll hits you with a +0 spear.
* * * LOW HITPOINT WARNING * * *
You slash the gnoll!
You feel the power of Trog in you as your rage grows.
You kill the gnoll!
Trog accepts your kill.
You barely miss the gnoll. You hit the gnoll.
The gnoll hits you with a +0 whip.
You die...

#.# ... #.### #.#..
#.#.# #
#.#.###########.#
#.#.##.$........#
#...............#
###.#.....g@....+
#.#......)g...#
#.............#
#.#.###<............#
#..........##########
###.###†#+## #.. ####


You could see 2 gnolls.

Vanquished Creatures
  A gnoll (D:2)
  2 dart slugs (D:1)
  2 ball pythons (D:1)
  4 bats (D:1)
  7 endoplasms (D:1)
  2 goblins (D:1)
  3 hobgoblins (D:1)
  6 jackals
  5 kobolds (D:1)
  2 quokkas (D:1)
  3 frilled lizards (D:1)
  2 rats (D:1)
39 creatures vanquished.

Vanquished Creatures (others)
  4 toadstools (D:1)
4 creatures vanquished.

Grand Total: 43 creatures vanquished

Notes
Turn   | Place    | Note
-------+----------+-------------------------------------------
     0 | D:1      | GordonOverkill the Djinni Berserker began the quest for the
                  | Orb.
     0 | D:1      | Reached XP level 1. HP: 20/20 MP: 0/0
   182 | D:1      | Reached XP level 2. HP: 25/25 MP: 0/0
   841 | D:1      | Reached XP level 3. HP: 27/30 MP: 0/0
   841 | D:1      | Learned a level 1 spell: Magic Dart
   980 | D:1      | Found Zienox Xoiv's Jewellery Shoppe.
  2071 | D:2      | Reached ** piety under Trog
  2075 | D:2      | Reached XP level 4. HP: 35/35 MP: 0/0
  2146 | D:2      | Slain by a gnoll

Illustrated notes

Levels and vault maps discovered:
D:1:      ldierk_water_garden, layout_loops_corners, serial_shops,
          nicolae_shop_stone
D:2:      layout_basic, basic_altar, uniq_terence

Skill      XL: |  1  2  3 |
---------------+----------+-----
Axes           | 3 |  3.0
Fighting       | |  3.4
Armour         | |  2.4
Dodging        | |  2.7

Action                   |  1- 3 |  4- 6 || total
-------------------------+-------+-------++-------
Melee: Hand axe          |    77 |     3 ||    80
Invok: Berserk           |    19 |     1 ||    20
 Stab: Sleeping          |     1 |       ||     1
Armor: Animal skin       |    19 |       ||    19
Dodge: Dodged            |    50 |     1 ||    51

Table legend: (Time is in decaauts)
 A = Elapsed time spent in this place.
 B = Non-inter-level travel time spent in this place.
 C = Inter-level travel time spent in this place.
 D = Time resting spent in this place.
 E = Time spent auto-exploring this place.
 F = Levels seen in this place.
 G = Mean time per level.
                   A        B        C        D        E       F      G
               +--------+--------+--------+--------+--------+-----+--------+
         Total |   2358 |   2344 |     14 |   1313 |    707 |   2 | 1179.0 |
       Dungeon |   2358 |   2344 |     14 |   1313 |    707 |   2 | 1179.0 |
               +--------+--------+--------+--------+--------+-----+--------+

Top non-repeatable levels by time:
     D:1: 2268 daAuts
     D:2: 90 daAuts
